 Dungeon Crawl Stone Soup version 0.25.1-8-g42b30a86e7 (console) character file.

Game seed: 13891384591914880509

97239 mundffin3927 the Severer (level 16, -13/151 HPs)
             Began as a Hill Orc Fighter on Dec 4, 2020.
             Was a High Priest of Beogh.
             Killed from afar by Asterion (32 damage)
             ... with a bolt of fire
             ... on level 2 of the Snake Pit.
             The game lasted 03:01:19 (40427 turns).

mundffin3927 the Severer (Hill Orc Fighter)        Turns: 40427, Time: 03:01:22

Health: -13/151    AC: 31    Str: 23    XL:     16   Next: 19%
Magic:  10/26      EV: 10    Int: 19    God:    Beogh [*****.]
Gold:   2125       SH: 19    Dex: 14    Spells: 15/15 levels left

rFire    . . .     SeeInvis +   a - +7 broad axe
rCold    . . .     Gourm    .   S - +1 kite shield {rN+}
rNeg     + . .     Faith    .   U - +0 crystal plate armour
rPois    .         Spirit   .   g - +0 helmet
rElec    .         Reflect  +   O - +0 cloak {Stlth+}
rCorr    +         Harm     .   q - +1 pair of gloves
MR       +....                  I - +2 pair of boots of the Snake Pit {rCorr Int+5}
Stlth    ..........             A - amulet of reflection
HPRegen  0.35/turn              E - +4 ring of evasion
MPRegen  0.20/turn              T - ring "Sicumuyda" {Int+4 Dex+3 Slay+3 SInv Stlth+}

@: lethally poisoned (-13 -> -22), studying Fighting
A: walk on water
a: Smiting, Recall Orcish Followers, Give Item to Named Follower, Renounce
Religion


You were on level 2 of the Snake Pit.
You worshipped Beogh.
Beogh was extremely pleased with you.
You were not hungry.

You visited 4 branches of the dungeon, and saw 25 of its levels.
You also visited: Gauntlet.

You collected 4371 gold pieces.
You spent 2246 gold pieces at shops.


   Skills:
 * Level 15.9 Fighting
 - Level 18.0 Axes
 - Level 5.6 Slings
 + Level 13.0 Armour
 + Level 4.1 Dodging
 + Level 12.9 Shields
 * Level 14.3 Invocations
 + Level 2.7 Evocations


You had 15 spell levels left.
You didn't know any spells.
Your spell library contained the following spells:

 Spells                   Type           Power        Failure   Level  Hunger
 Corona                   Hex            #......      100%        1    ##.....
 Foxfire                  Conj/Fire      #...         100%        1    ##.....
 Shock                    Conj/Air       #...         100%        1    ##.....
 Summon Small Mammal      Summ           #...         100%        1    ##.....
 Call Imp                 Summ           #.......     100%        2    ###....
 Ensorcelled Hibernation  Hex/Ice        #.....       100%        2    ###....
 Sublimation of Blood     Necr           #.........   100%        2    ###....
 Swiftness                Chrm/Air       #.......     100%        2    ###....
 Call Canine Familiar     Summ           #.......     100%        3    ####...
 Confusing Touch          Hex            #.......     100%        3    ####...
 Conjure Flame            Conj/Fire      #.......     100%        3    ####...
 Dazzling Flash           Conj/Hex       #.....       100%        3    ####...
 Ignite Poison            Fire/Tmut/Pois #.......     100%        3    ####...
 Inner Flame              Hex/Fire       #.......     100%        3    ####...
 Static Discharge         Conj/Air       #.......     100%        3    ####...
 Summon Guardian Golem    Hex/Summ       #.......     100%        3    ####...
 Tukima's Dance           Hex            #.......     100%        3    ####...
 Airstrike                Air            #.........   100%        4    #####..
 Petrify                  Tmut/Erth      #.......     100%        4    #####..
 Sticky Flame             Conj/Fire      #.......     100%        4    #####..
 Summon Ice Beast         Ice/Summ       #.......     100%        4    #####..
 Summon Lightning Spire   Summ/Air       #.......     100%        4    #####..
 Alistair's Intoxication  Tmut/Pois      #.......     100%        5    ######.
 Fireball                 Conj/Fire      #.........   100%        5    ######.
 Irradiate                Conj/Tmut      #.........   100%        5    ######.
 Lightning Bolt           Conj/Air       #.........   100%        5    ######.
 Eringya's Noxious Bog    Tmut/Pois      #.........   100%        6    #######

Inventory:

Hand Weapons
 a - a +7 broad axe (weapon)
 b - a +0 fustibalus
 c - a +0 scimitar of flaming
 N - a +0 glaive
Missiles
 e - 10 curare-tipped darts {=f}
 x - 70 poisoned darts
 z - 6 boomerangs
 J - 13 javelins (quivered)
 W - 111 sling bullets
 X - 3 throwing nets {=f}
Armour
 g - a +0 helmet (worn)
 k - a +0 kite shield
 q - a +1 pair of gloves (worn)
 I - the +2 pair of boots of the Snake Pit (worn) {rCorr Int+5}
   (You bought it in a shop on level 2 of the Orcish Mines)

   It affects your intelligence (+5).
   It provides partial protection from all sources of acid and corrosion.
 O - a +0 cloak of stealth (worn)
 S - a +1 kite shield of positive energy (worn)
 U - a +0 crystal plate armour (worn)
Jewellery
 A - an amulet of reflection (around neck)
 C - an uncursed ring of ice
 E - a +4 ring of evasion (left hand)
 M - an uncursed ring of protection from magic
 T - the ring "Sicumuyda" (right hand) {Int+4 Dex+3 Slay+3 SInv Stlth+}
   (You found it on level 4 of the Lair of Beasts)

   [ring of see invisible]

   It affects your intelligence (+4).
   It affects your dexterity (+3).
   It affects your accuracy and damage with ranged weapons and melee attacks
   (+3).
   It lets you see invisible.
   It makes you more stealthy.
Wands
 m - a wand of digging (8)
 o - a wand of flame (13)
 p - a wand of polymorph (9)
 r - a wand of enslavement (13)
 D - a wand of iceblast (14)
 F - a wand of acid (14)
 L - a wand of clouds (5)
 Q - a wand of disintegration (7)
Scrolls
 i - 5 scrolls of remove curse {@r2}
 s - 2 scrolls of blinking
 v - 3 scrolls of magic mapping
 y - 3 scrolls of fog
 B - 3 scrolls of enchant armour
 V - 4 scrolls of fear
 Z - 2 scrolls of immolation
Potions
 d - a potion of might
 j - 2 potions of haste {@q3}
 n - 3 potions of mutation
 t - 4 potions of stabbing
 u - a potion of magic
 w - a potion of berserk rage {!q}
 G - 2 potions of flight
 Y - 4 potions of brilliance
Books
 h - a manual of Fighting {!d}
Miscellaneous
 l - a box of beasts
 H - a phantom mirror
 P - a phial of floods
Comestibles
 f - 34 rations {@e1}

Dungeon Overview and Level Annotations

Branches:
Dungeon (15/15)            Temple (0/1) D:7            Lair (6/6) D:9
 Shoals (0/4) Lair:3        Snake (2/4) Lair:2        Slime (0/5) Lair:6
    Orc (2/2) D:11            Elf (0/3) Orc:2        Vaults (0/5) D:14
 Depths (0/5) D:15        Gauntlet (visited)

Altars:
Ashenzari
Dithmenos
Gozag
Hepliaklqana
Makhleb
Nemelex Xobeh
Sif Muna
Trog
Vehumet
Xom
Yredelemnul
The Shining One
Beogh

Shops:
D:8 *!   D:11 (   D:14 (=*   D:15 %   Orc:2 =(*[

Annotations:
D:1 exclusion: downstairs
D:8 3 runed translucent doors, hawla's ghost, novice MiGl
D:10 3 runed translucent doors, Biujid's ghost, novice VSTm; Sasmeyla's ghost, novice TrMo
D:11 3 runed translucent doors, exclusion: obsidian statue, 12sPaWn12's ghost, novice DESu
D:12 exclusion: downstairs
D:15 1 exclusion
Snake:2 Asterion .... .... ..... #..... #...... ....... ########N..# #ooooo.HS.#

#.oo@ooS2[+
#.oo####S.#
#...# #.#
#...####...#
#....#.....#
#)..........
#...........#
####.........#
#+#...oo.......#
#......o......##
#......o.......


You could see Asterion (fast), a balrug (summoned), a naga ritualist, 2 mana
vipers, a black mamba, the friendly Zorug the orc warlord (strong), 2 friendly
orc knights, the friendly Arbeogh the orc knight (strong, poisoned), the
friendly Beowulf the orc knight (strong), the friendly Ognian the orc knight
(strong, poisoned), the friendly Wulfoc the orc knight (strong), 3 friendly orc
warriors and the friendly Brandogh the orc warrior (strong, poisoned).


Message History

No worthy followers in sight.
Okay, then.
Okay, then.
You feel sick.
Wulfoc closely misses the mana viper.
Ognian shoots a bolt.
The bolt hits Asterion!!
The mana viper misses Wulfoc.
Asterion barely misses Wulfoc. x2
Use which ability? (? or * to list)
Aiming: Smiting
Press: ? - help, Dir - move target cursor, f - naga ritualist, p - Asterion Smite: a naga ritualist, wielding a +4 dagger of venom and wearing a +0 robe (moderately wounded)
You smite the naga ritualist!
The naga ritualist is heavily wounded.
You feel sick.
Your orc warrior no longer looks unusually strong. x2
The mana viper completely misses Wulfoc.
Asterion barely misses Wulfoc.
Asterion gores Wulfoc!!
Wulfoc roars a battlecry!
Your orc warriors go into a battle-frenzy!
Ognian shoots a bolt.
The bolt hits Asterion!
The mana viper barely misses Wulfoc.
There are monsters nearby!
Use which ability? (? or * to list)
Aiming: Smiting
Press: ? - help, Dir - move target cursor, f/p - naga ritualist Smite: a naga ritualist, wielding a +4 dagger of venom and wearing a +0 robe (heavily wounded)
You smite the naga ritualist!
The naga ritualist is severely wounded.
You feel sick.
Wulfoc looks more healthy.
Asterion conjures a destructive force in the name of Makhleb!
The bolt of fire hits Zorug!!!
The bolt of fire hits you!!
You die...

Skill      XL: |  1  2  3  4  5  6  7  8  9 10 11 12 13 14 15 16 |
---------------+-------------------------------------------------+-----
Axes           | 3 4 5 6 7 9 10 12 14 15 17 18 | 18.0
Fighting       | 4 5 6 7 8 10 11 12 13 15 | 15.9
Armour         | 4 5 6 7 8 9 10 11 12 13 | 13.0
Shields        | 4 5 6 7 8 9 10 11 12 | 12.9
Invocations    | 2 4 5 7 9 10 11 13 14 | 14.3
Evocations     | 1 2 |  2.7
Slings         | 2 5 |  5.6
Dodging        | 1 3 4 |  4.1

Action                   |  1- 3 |  4- 6 |  7- 9 | 10-12 | 13-15 | 16-18 || total
-------------------------+-------+-------+-------+-------+-------+-------++-------
Melee: War axe           |   109 |   134 |   332 |   701 |    90 |       ||  1366
       Dagger            |       |    15 |    31 |    10 |       |       ||    56
       Scimitar          |       |       |       |     4 |    40 |       ||    44
       Fustibalus        |       |       |       |     1 |       |       ||     1
       Broad axe         |       |       |       |       |  1209 |    54 ||  1263
       Unarmed           |       |       |       |       |     5 |       ||     5
 Fire: Hunting sling     |    22 |   128 |    55 |     2 |       |       ||   207
       Fustibalus        |       |       |       |    61 |    20 |       ||    81
Throw: Stone             |     2 |       |       |       |       |       ||     2
       Boomerang         |       |       |     4 |     8 |     9 |       ||    21
       Javelin           |       |       |       |       |    10 |       ||    10
Invok: Convert to Beogh  |       |     1 |       |       |       |       ||     1
       Smiting           |       |       |       |     7 |    26 |     9 ||    42
       Recall Orcish Fol |       |       |       |       |    29 |     1 ||    30
       Give Item to Name |       |       |       |       |     7 |     1 ||     8
Evoke: Wand              |       |       |     9 |     9 |    17 |       ||    35
       Phantom mirror    |       |       |       |       |     1 |       ||     1
       Box of beasts     |       |       |       |       |       |     1 ||     1
  Use: Scroll            |     3 |     5 |     6 |     7 |    25 |     3 ||    49
       Potion            |       |     1 |     8 |    14 |     5 |     2 ||    30
 Stab: Distracted        |       |       |       |     2 |    14 |       ||    16
       Petrifying        |       |       |       |       |     4 |       ||     4
  Eat: Chunk             |     3 |     9 |    12 |    20 |    37 |     4 ||    85
       Ration            |       |       |     1 |     4 |     9 |       ||    14
Armor: Scale mail        |    43 |       |       |       |       |       ||    43
       Chain mail        |    18 |    64 |   115 |   187 |       |       ||   384
       Skin              |       |       |       |    23 |    89 |       ||   112
       Plate armour      |       |       |       |    67 |   156 |       ||   223
       Crystal plate arm |       |       |       |       |   422 |    19 ||   441
Dodge: Dodged            |    44 |    84 |   163 |   295 |   371 |    11 ||   968
Block: Kite shield       |    79 |    98 |   166 |   421 |  1154 |    63 ||  1981
       Reflection        |       |       |       |       |    50 |     4 ||    54
       Rpst.: Scimitar   |       |       |       |     2 |     3 |       ||     5

Levels and vault maps discovered:
D:1:      dpeg_arrival_boxorama, layout_basic, minmay_cut_off
D:2:      layout_basic, gammafunk_temple_overflow_elements, serial_undead,
          serial_undead_a, serial_undead_b, serial_undead_d, serial_undead_d,
          first_ration, corner_web_ring, minivault_4, minmay_pentomino_o2
D:3:      layout_basic, lemuel_coloured_pillars_altar
D:4:      layout_gridville
D:5:      layout_layer_cave, gammafunk_temple_overflow_pools,
          gammafunk_temple_overflow_claw, uniq_duvessa, uniq_blork_the_orc
D:6:      layout_rooms, uniq_edmund
D:7:      lemuel_ice_spiral_2, layout_basic, lemuel_zombie_altar_yredelemnul,
          minmay_temple_entry_glassed_door
D:8:      layout_rooms, lightli_temple_of_fire, serial_shops,
          nicolae_shop_stone, shop_fountains, ebering_ghost_rock_garden,
          uniq_pikel
D:9:      cheibrodos_barr_body, layout_rooms, dpeg_lair_monsters,
          fungi_pond_lemuel, uniq_harold
D:10:     layout_basic, gammafunk_ghost_cemetery
D:11:     minmay_tri_box, layout_long_grid, minmay_orc_entry_temple_small,
          serial_shops, nicolae_shop_waterfront, ebering_ghost_gozag,
          uniq_nergalle
D:12:     layout_roguey, uniq_josephine
D:13:     layout_loops_cross, gauntlet_entry_generic
D:14:     layout_roguey, david_vaults_4, lemuel_crystal_altar, serial_shops,
          nicolae_shop_overgrown_old_shop, nicolae_shop_window_shopping,
          kennysheep_little_box, grunt_livestock
D:15:     gammafunk_enter_depths_forms, layout_small_grid, serial_shops, shop,
          drop_trap, minmay_three_doors, uniq_nessos, uniq_kirke
Lair:1:   layout_misc_corridors
Lair:2:   layout_regular_city, minmay_snake_entry_guardpost_small,
          chequers_serial_rivers_room_b, patterned_corridor
Lair:3:   layout_roguey, minmay_shoals_entry_beasts, special_room
          [special_room_bee], minivault_23, serial_bayou_shore_b,
          serial_bayou_shore_a
Lair:4:   layout_cave_shapes, minmay_shattered_shrine
Lair:5:   layout_hall_layers
Lair:6:   minmay_lair_end_enchanted_forest, layout_cave_pods,
          minmay_slime_entry_jelly_boxes, special_room
          [special_room_mythical_zoo], minmay_lair_oklob_bushes, st_stairs_7,
          serial_bayou_ford_a, uniq_rupert
Snake:1:  layout_chambers, drop_trap
Snake:2:  layout_cave_town, st_stairs_1, grunt_ministairs_9,
          serial_bayou_shore_b, uniq_asterion
Orc:1:    layout_caves, nicolae_orc_damp_corner, mines_bat_river
Orc:2:    grunt_orc_cross, layout_diamond_mine

Notes
Turn   | Place    | Note
-------+----------+-------------------------------------------
     0 | D:1      | mundffin3927 the Hill Orc Fighter began the quest for the
                  | Orb.
     0 | D:1      | Reached XP level 1. HP: 19/19 MP: 1/1
    76 | D:1      | Reached skill level 3 in Axes
   145 | D:1      | Reached XP level 2. HP: 27/27 MP: 2/2
   786 | D:1      | Reached XP level 3. HP: 33/33 MP: 3/3
  1376 | D:2      | Reached skill level 4 in Fighting
  1679 | D:2      | Reached skill level 4 in Axes
  1679 | D:2      | Reached XP level 4. HP: 40/40 MP: 4/4
  1950 | D:2      | Reached skill level 4 in Armour
  2185 | D:2      | Reached XP level 5. HP: 47/47 MP: 5/5
  2304 | D:2      | Reached skill level 4 in Shields
  2515 | D:2      | Found a burning altar of Makhleb.
  2515 | D:2      | Found a shimmering altar of Xom.
  2752 | D:3      | Reached skill level 5 in Axes
  3405 | D:3      | Found a glowing golden altar of the Shining One.
  3813 | D:4      | Noticed an ogre
  3823 | D:4      | Killed an ogre
  3823 | D:4      | Reached XP level 6. HP: 55/55 MP: 6/6
  3827 | D:4      | Became a worshipper of Beogh the Brigand
  3986 | D:4      | Reached skill level 5 in Fighting
  3986 | D:4      | Reached skill level 6 in Axes
  4543 | D:5      | Entered Level 5 of the Dungeon
  4587 | D:4      | Reached XP level 7. HP: 57/61 MP: 7/7
  4712 | D:5      | Reached skill level 1 in Invocations
  4876 | D:5      | Found a sparkling altar of Nemelex Xobeh.
  4877 | D:5      | Found a shadowy altar of Dithmenos.
  4978 | D:5      | Noticed Duvessa
  4978 | D:5      | Noticed Dowan
  5001 | D:5      | Killed Duvessa
  5001 | D:5      | Reached skill level 5 in Armour
  5021 | D:5      | Killed Dowan
  5021 | D:5      | Reached skill level 7 in Axes
  5021 | D:5      | Reached skill level 5 in Shields
  5591 | D:5      | Reached skill level 2 in Invocations
  5622 | D:5      | Noticed Blork the orc
  5634 | D:5      | Killed Blork the orc
  5634 | D:5      | Reached XP level 8. HP: 66/70 MP: 9/9
  5867 | D:5      | Found a radiant altar of Vehumet.
  5867 | D:5      | Found a shattered altar of Ashenzari.
  5868 | D:5      | Found a shimmering blue altar of Sif Muna.
  6523 | D:6      | Reached skill level 6 in Fighting
  6523 | D:6      | Reached skill level 8 in Axes
  6523 | D:6      | Reached skill level 3 in Invocations
  6526 | D:6      | Reached * piety under Beogh
  6951 | D:6      | Noticed Edmund
  6983 | D:6      | Killed Edmund
  7362 | D:7      | Noticed a yak
  7362 | D:7      | Noticed a yak
  7362 | D:7      | Noticed a yak
  7374 | D:7      | Killed a yak
  7374 | D:7      | Reached skill level 9 in Axes
  7374 | D:7      | Reached skill level 6 in Armour
  7374 | D:7      | Reached skill level 6 in Shields
  7374 | D:7      | Reached skill level 4 in Invocations
  7374 | D:7      | Reached skill level 1 in Evocations
  7384 | D:7      | Killed a yak
  7384 | D:7      | Reached XP level 9. HP: 71/78 MP: 12/12
  7460 | D:7      | Reached skill level 7 in Fighting
  7460 | D:7      | Reached skill level 2 in Evocations
  7790 | D:7      | Found a staircase to the Ecumenical Temple.
  7805 | D:7      | Reached skill level 5 in Invocations
  7875 | D:7      | Reached skill level 10 in Axes
  8060 | D:7      | HP: 3/79 [something (7)]
  8700 | D:7      | Found a basalt altar of Yredelemnul.
  8883 | D:8      | Found a runed translucent gate.
  8884 | D:8      | Found a runed translucent gate.
  8884 | D:8      | Found a runed translucent gate.
  8884 | D:8      | Noticed hawla's ghost (novice MiGl)
  8969 | D:8      | Found Raudete's Assorted Antiques.
  8980 | D:8      | Bought a scroll of identify for 60 gold pieces
  9031 | D:8      | Reached ** piety under Beogh
  9036 | D:8      | Reached skill level 7 in Shields
  9178 | D:8      | Found Uziceete's Distillery.
  9209 | D:8      | Reached skill level 7 in Armour
  9291 | D:8      | Bought 2 potions of heal wounds for 150 gold pieces
  9291 | D:8      | Bought a potion of heal wounds for 75 gold pieces
  9291 | D:8      | Bought a potion of curing for 45 gold pieces
  9323 | D:8      | Reached XP level 10. HP: 85/86 MP: 14/14
  9337 | D:8      | Found a bloodstained altar of Trog.
  9352 | D:8      | Reached skill level 6 in Invocations
  9398 | D:8      | Noticed Pikel
  9416 | D:8      | Noticed a two-headed ogre
  9423 | D:8      | Killed Pikel
  9423 | D:8      | Reached skill level 11 in Axes
  9521 | D:8      | Killed a two-headed ogre
  9521 | D:8      | Reached skill level 8 in Fighting
  9963 | D:9      | Found a staircase to the Lair.
  9963 | D:9      | Noticed a death yak
  9963 | D:9      | Noticed a death yak
 10328 | D:9      | Reached skill level 7 in Invocations
 10346 | D:9      | Noticed a death yak
 10386 | D:8      | Killed a death yak
 10386 | D:8      | Reached skill level 12 in Axes
 10386 | D:8      | Reached skill level 8 in Shields
 10397 | D:8      | Killed a death yak
 10397 | D:8      | Reached skill level 8 in Armour
 10397 | D:8      | Reached XP level 11. HP: 41/95 MP: 16/16
 10639 | D:9      | Killed a death yak
 10639 | D:9      | Reached skill level 9 in Fighting
 10818 | D:9      | Noticed Harold
 10845 | D:9      | Noticed a two-headed ogre
 10854 | D:9      | Noticed a two-headed ogre
 11073 | D:8      | Killed Harold
 11073 | D:8      | Reached skill level 13 in Axes
 11073 | D:8      | Reached skill level 8 in Invocations
 11160 | D:8      | Killed a two-headed ogre
 11678 | D:9      | Killed a two-headed ogre
 11798 | D:9      | Noticed a centaur warrior
 11809 | D:9      | Killed a centaur warrior
 11811 | D:9      | Reached *** piety under Beogh
 12245 | D:9      | Reached skill level 9 in Shields
 12870 | D:10     | Entered Level 10 of the Dungeon
 12906 | D:9      | Reached skill level 9 in Armour
 13066 | D:10     | Reached skill level 9 in Invocations
 13118 | D:10     | Found a runed translucent gate.
 13118 | D:10     | Found a runed translucent gate.
 13118 | D:10     | Found a runed translucent gate.
 13128 | D:10     | Noticed Biujid's ghost (novice VSTm)
 13128 | D:10     | Noticed Sasmeyla's ghost (novice TrMo)
 13389 | D:10     | Noticed a white ugly thing
 13427 | D:10     | Killed a white ugly thing
 13427 | D:10     | Reached skill level 14 in Axes
 13842 | D:10     | Reached skill level 10 in Fighting
 13842 | D:10     | Reached XP level 12. HP: 95/106 MP: 18/18
 13870 | Lair:1   | Entered Level 1 of the Lair of Beasts
 15461 | D:11     | Found Egekh's Antique Weapon Emporium.
 15524 | D:11     | Found a staircase to the Orcish Mines.
 15619 | D:11     | Noticed Nergalle
 15664 | D:11     | Killed Nergalle
 16014 | D:11     | Noticed a centaur warrior
 16047 | D:11     | Killed a centaur warrior
 16873 | Lair:2   | Reached skill level 15 in Axes
 16873 | Lair:2   | Reached skill level 10 in Invocations
 16894 | Lair:2   | Found a staircase to the Snake Pit.
 17117 | Lair:2   | You fall into a shaft and drop 2 floors!
 17410 | Lair:2   | Reached skill level 10 in Shields
 17673 | Lair:2   | Reached skill level 10 in Armour
 18496 | D:11     | Noticed a six-headed hydra
 18511 | D:11     | Noticed a two-headed ogre
 18521 | D:11     | Killed a two-headed ogre
 18521 | D:11     | Reached skill level 11 in Fighting
 18530 | D:11     | Killed a two-headed hydra
 18530 | D:11     | Reached XP level 13. HP: 29/116 MP: 20/20
 18531 | D:11     | Reached **** piety under Beogh
 18981 | D:11     | Found a runed translucent gate.
 18981 | D:11     | Found a runed translucent gate.
 18981 | D:11     | Found an opulent altar of Gozag.
 19342 | Lair:3   | Reached skill level 16 in Axes
 19808 | Lair:3   | Found a staircase to the Shoals.
 20063 | Lair:3   | Reached skill level 11 in Invocations
 20462 | Lair:3   | Gained Bogbrand as an ally
 21471 | D:11     | Found a roughly hewn altar of Beogh.
 22765 | Lair:4   | Reached skill level 11 in Shields
 22987 | Lair:4   | Reached skill level 11 in Armour
 23124 | Lair:4   | Got an ancient pewter ring
 23205 | Lair:4   | Your ally Bogbrand died
 23794 | Lair:4   | Reached skill level 17 in Axes
 24424 | D:11     | Identified the ring "Sicumuyda" {Int+4 Dex+3 Slay+3 SInv
                  | Stlth+} (You found it on level 4 of the Lair of Beasts)
 24671 | D:11     | Found a runed translucent gate.
 24675 | D:11     | Noticed 12sPaWn12's ghost (novice DESu)
 24809 | D:11     | Found the cursed +14 obsidian axe {vorpal, +Fly SInv
                  | *Curse}
 24902 | D:12     | Identified a +0 crystal plate armour (You found it on level
                  | 12 of the Dungeon)
 24973 | D:12     | Reached skill level 12 in Fighting
 25016 | D:12     | Reached XP level 14. HP: 99/126 MP: 22/22
 25250 | D:12     | Noticed Josephine
 25260 | D:12     | Killed Josephine
 25359 | D:12     | Reached skill level 12 in Invocations
 25412 | D:12     | Reached ***** piety under Beogh
 25476 | D:12     | Gained Gorm as an ally
 26289 | Lair:5   | Gained Zorug as an ally
 27496 | Lair:6   | Entered Level 6 of the Lair of Beasts
 27628 | Lair:6   | Your ally Gorm died
 27707 | Lair:6   | Gained Boruk as an ally
 28313 | Lair:6   | Reached skill level 18 in Axes
 28362 | Lair:6   | Your ally Boruk died
 28651 | Lair:6   | Noticed Rupert
 28674 | Lair:6   | Killed Rupert
 28674 | Lair:6   | Reached skill level 12 in Shields
 28862 | Lair:6   | Found a staircase to the Slime Pits.
 29150 | Lair:6   | Reached skill level 12 in Armour
 29276 | Lair:6   | Reached skill level 13 in Fighting
 29315 | Lair:6   | Reached skill level 1 in Slings
 30011 | Lair:6   | Reached skill level 1 in Dodging
 30419 | D:12     | Reached skill level 13 in Invocations
 31083 | D:13     | Reached skill level 2 in Slings
 31098 | D:13     | Reached XP level 15. HP: 135/136 MP: 24/24
 31107 | D:13     | Found a gate leading to a gauntlet.
 31163 | Gauntlet | Entered a Gauntlet
 31163 | Gauntlet | Found a transporter.
 31163 | Gauntlet | Found a transporter.
 31406 | D:13     | Reached skill level 3 in Slings
 31412 | D:13     | Reached skill level 2 in Dodging
 31435 | D:13     | Reached ****** piety under Beogh
 31646 | Orc:1    | Entered Level 1 of the Orcish Mines
 32328 | Orc:2    | Entered Level 2 of the Orcish Mines
 32479 | Orc:2    | Found a roughly hewn altar of Beogh.
 32481 | Orc:2    | Gained Bogric as an ally
 32483 | Orc:2    | Noticed an orc warlord
 32490 | Orc:2    | Your ally Bogric died
 32508 | Orc:2    | Killed an orc warlord
 32837 | Orc:2    | Found Mecw's General Store.
 32897 | Orc:2    | Found Qodel's Antique Armour Boutique.
 32922 | Orc:2    | Bought a scroll of identify for 28 gold pieces
 32922 | Orc:2    | Bought a scroll of enchant weapon for 105 gold pieces
 32922 | Orc:2    | Bought a scroll of enchant weapon for 105 gold pieces
 32933 | Orc:2    | Identified 2 scrolls of acquirement
 32940 | Orc:2    | Acquired a manual of Fighting
 32998 | Orc:2    | Found a staircase to the Elven Halls.
 33103 | Orc:2    | Found Ryg Vero's Antique Weapon Boutique.
 33110 | Orc:2    | Bought a glowing glaive for 285 gold pieces
 33130 | Orc:2    | Found Rasypeto's Jewellery Boutique.
 33458 | Lair:1   | Acquired 1960 gold pieces
 33558 | Orc:2    | Bought a pair of ancient boots for 256 gold pieces
 33563 | Orc:2    | Identified the +2 pair of boots of the Snake Pit {rCorr
                  | Int+5} (You bought it in a shop on level 2 of the Orcish
                  | Mines)
 33563 | Orc:2    | Bought a runed cloak for 202 gold pieces
 33568 | Orc:2    | Found a roughly hewn altar of Beogh.
 33613 | Orc:2    | Found Rasypeto's Jewellery Boutique.
 33655 | Orc:2    | Found a staircase to the Elven Halls.
 33873 | Orc:2    | Found Ryg Vero's Antique Weapon Boutique.
 33896 | Orc:2    | Found Mecw's General Store.
 34069 | D:13     | Gained Wulfoc as an ally
 34391 | D:14     | Found Cokh's General Store.
 34671 | D:14     | Reached skill level 4 in Slings
 34682 | D:14     | Reached skill level 14 in Fighting
 34998 | D:14     | Found Icku's Antique Weapon Shop.
 35064 | D:14     | Found a hazy altar of Hepliaklqana.
 35496 | D:14     | Reached skill level 3 in Dodging
 35520 | D:14     | Found a gate to the Vaults.
 35736 | D:14     | Found Ocujata's Jewellery Shop.
 35917 | D:14     | Bought a potion of heal wounds for 65 gold pieces
 35917 | D:14     | Bought a ration for 65 gold pieces
 35917 | D:14     | Bought a ration for 65 gold pieces
 35917 | D:14     | Bought a wand of acid (6) for 260 gold pieces
 35952 | D:15     | Entered Level 15 of the Dungeon
 36298 | D:15     | Noticed an orc warlord
 36309 | D:15     | Killed an orc warlord
 36309 | D:15     | Gained Arbeogh as an ally
 36403 | D:15     | Noticed Nessos
 36415 | D:15     | Killed Nessos
 36533 | D:15     | Found Hueceit's Food Shop.
 36579 | D:15     | Bought a ration for 60 gold pieces
 36579 | D:15     | Bought a ration for 60 gold pieces
 36579 | D:15     | Bought a ration for 60 gold pieces
 36579 | D:15     | Bought a ration for 60 gold pieces
 36579 | D:15     | Bought a ration for 60 gold pieces
 36579 | D:15     | Bought a ration for 60 gold pieces
 36579 | D:15     | Bought a ration for 60 gold pieces
 36616 | D:15     | Noticed Kirke
 36620 | D:15     | Reached skill level 5 in Slings
 36644 | D:15     | Killed Kirke
 36644 | D:15     | Reached skill level 15 in Fighting
 36835 | D:15     | Gained Ognian as an ally
 36966 | D:15     | Paralysed by an ogre mage for 6 turns
 37464 | D:15     | Bought a ration for 60 gold pieces
 37978 | D:15     | Found a staircase to the Depths.
 38265 | Snake:1  | Entered Level 1 of the Snake Pit
 38351 | Snake:1  | Gained Beowulf as an ally
 38351 | Snake:1  | Reached skill level 14 in Invocations
 38614 | Snake:1  | Reached XP level 16. HP: 149/149 MP: 26/26
 39745 | Snake:2  | Identified a +1 robe of the Archmagi
 39748 | Snake:1  | Gained Brandogh as an ally
 39811 | Snake:1  | Reached skill level 4 in Dodging
 40096 | Snake:2  | Reached skill level 13 in Armour
 40411 | Snake:2  | Noticed Asterion
 40427 | Snake:2  | Killed from afar by Asterion

Vanquished Creatures
  Rupert (Lair:6)
  Kirke (D:15)
  An orc warlord (Orc:2)
  An ettin (Orc:1)
  A rakshasa (D:15)
  Harold (D:8)
  A naga warrior (Snake:1)
  5 hydras
  6 two-headed ogres
  3 centaur warriors
  An anaconda (Snake:1)
  4 death yaks
  An orc high priest (Orc:2)
  A naga sharpshooter (Snake:1)
  A shock serpent (Snake:2)
  Nergalle (D:11)
  A fire crab (Lair:4)
  A shadow wraith (D:14)
  A salamander mystic (Snake:1)
  A deep troll (D:14)
  4 unseen horrors
  Pikel (D:8)
  A necromancer (D:14)
  5 ugly things
  A deep elf mage (D:14)
  An orc sorcerer (Orc:2)
  A manticore (D:13)
  A salamander (Snake:2)
  2 cyclopes
  2 centaur zombies
  9 black mambas
  A black mamba (shapeshifter) (D:14)
  9 elephants
  4 torpor snails (Lair:4)
  6 spiny frogs
  2 rime drakes (Lair:6)
  2 kobold demonologists (D:12)
  6 komodo dragons
  A queen bee (Lair:3)
  4 meliai
  9 trolls
  3 polar bears (Lair:6)
  2 hornets
  5 blink frogs
  2 meliai zombies
  11 slime creatures
  A dream sheep (shapeshifter) (D:15)
  3 dream sheep
  19 hippogriffs
  2 shadows
  11 spriggans (Lair:6)
  A redback (D:15)
  4 hogs (D:15)
  4 wyverns (Lair:6)
  7 wraiths
  30 yaks
  A human (D:14)
  2 vampire mosquitoes (D:12)
  3 basilisks (Lair:6)
  3 hungry ghosts
  Edmund (D:6)
  9 nagas
  7 water moccasins
  10 porcupines
  3 wargs (Orc:2)
  2 acid dragons (D:15)
  Duvessa (D:5)
  7 orc warriors
  6 ice beasts
  3 sky beasts
  6 ogres
  2 phantoms
  A necrophage (D:7)
  16 wolves
  6 boggarts
  16 centaurs
  8 crocodiles
  4 big kobolds
  A bullfrog (shapeshifter) (D:15)
  11 bullfrogs
  Blork the orc (D:5)
  Dowan (D:5)
  4 scorpions
  A wyvern skeleton (D:7)
  37 killer bees
  4 wights (D:13)
  4 howler monkeys
  3 electric eels
  5 crimson imps
  3 bullfrog zombies
  18 jellies
  8 hounds
  An orc priest (D:8)
  4 centaur skeletons
  A bullfrog skeleton (D:11)
  6 iguanas
  11 orc wizards
  2 hell rats
  5 worker ants
  A killer bee zombie (D:8)
  3 gnolls (D:2)
  A worker ant zombie (D:11)
  17 adders
  2 river rats (D:9)
  A shadow imp (D:14)
  3 oozes
  4 adder zombies
  4 worms
  3 dart slugs
  2 leopard geckos
  26 orcs
  11 bats
  A bat zombie (D:2)
  2 giant cockroaches
  2 gnoll zombies (D:7)
  11 goblins
  2 hobgoblins (D:1)
  4 jackals
  17 kobolds
  4 quokkas
  A ball python (D:8)
  4 frilled lizards
  A jackal zombie (D:2)
  A leopard gecko zombie (D:5)
  A quokka skeleton (D:9)
  2 quokka zombies (D:2)
  10 rats
  A fungus (Lair:2)
  4 plants
605 creatures vanquished.

Vanquished Creatures (collateral kills)
  An orc warlord (D:15)
  3 naga warriors
  2 hydras
  2 centaur warriors
  A catoblepas (Lair:6)
  A tengu warrior (D:11)
  A two-headed ogre (D:15)
  An ogre mage (D:15)
  A naga sharpshooter (Snake:1)
  A naga ritualist (Snake:1)
  A mana viper (Snake:1)
  2 orc sorcerers (Orc:2)
  2 orc knights (Orc:2)
  An oklob plant (Lair:6)
  5 slime creatures
  2 manticores
  A cyclops (D:11)
  A salamander (Snake:1)
  A centaur zombie (D:14)
  7 black mambas
  4 spiny frogs
  4 rime drakes
  4 komodo dragons
  An efreet (D:11)
  2 polar bears (Lair:6)
  A troll (Orc:2)
  A hornet (shapeshifter) (D:13)
  A blink frog (Lair:6)
  3 hornets (Lair:6)
  6 hippogriffs
  4 redbacks (D:15)
  3 spriggans (Lair:6)
  2 wraiths (D:11)
  2 yaks
  A spriggan (shapeshifter) (D:14)
  2 wyverns
  3 hogs (D:15)
  A basilisk (Lair:3)
  A vampire mosquito (D:12)
  2 hungry ghosts
  A soldier ant (D:13)
  3 nagas
  2 water moccasins
  5 orc warriors (Orc:2)
  A porcupine (Lair:3)
  A sky beast (D:14)
  3 black bears
  A phantom (D:12)
  5 ogres
  2 boggarts (Lair:6)
  6 wolves
  3 crocodiles
  3 bullfrogs
  6 killer bees
  4 howler monkeys
  A crimson imp (D:13)
  2 jellies
  An orc priest (D:11)
  2 iguanas (D:13)
  6 orc wizards
  A river rat (Lair:3)
  5 orcs
  3 bats (Orc:1)
  2 fungi
  2 plants
156 creatures vanquished.

Vanquished Creatures (others)
  4 orc knights
  Nessos (D:15)
  Josephine (D:12)
  12 orc warriors
  A hog (D:15)
  13 orc wizards
  2 slaves (D:8)
  A centaur (D:12)
  A bullfrog zombie (D:8)
  13 orc priests
  35 orcs
  2 jackals (D:8)
  A quokka (D:8)
  A quokka skeleton (D:8)
  2 fungi (Lair:6)
  13 plants
103 creatures vanquished.

Grand Total: 864 creatures vanquished

Table legend:
 A = Turns spent in this place as a percentage of turns spent in the entire game.
 B = Non-inter-level travel turns spent in this place as a percentage of non-inter-level travel turns spent in the entire game.
 C = Inter-level travel turns spent in this place as a percentage of turns spent in this place.
 D = Turns resting spent in this place as a percentage of non-inter-level travel turns spent in this place.
 E = Turns spent auto-exploring this place as a percentage of non-inter-level travel turns spent in this place.
 F = Non-inter-level travel turns spent in this place divided by the number of levels of this place that you've seen.
                   A       B       C       D       E      F
               +-------+-------+-------+-------+-------+----------------------
         Total | 100.0 | 100.0 |  10.2 |  25.3 |  52.4 | 1396.1
       Dungeon |  60.4 |  60.6 |   9.8 |  27.0 |  48.9 | 1467.0
          Lair |  29.1 |  28.5 |  12.2 |  24.0 |  54.9 | 1721.7
     Snake Pit |   5.1 |   5.4 |   4.5 |  22.8 |  63.8 | 985.5
  Orcish Mines |   5.4 |   5.5 |   9.6 |  16.2 |  67.4 | 992.0
      Gauntlet |   0.0 |   0.0 |   0.0 |   0.0 |   0.0 |   8.0
               +-------+-------+-------+-------+-------+----------------------

Table legend:
 A = Non-vault XP
 B = Vault XP
 C = Vault XP percentage of total XP
 D = Non-vault monster count
 E = Vault monster count
 F = Vault count percentage of total count
                 A         B        C        D         E       F
            +---------+---------+-------+---------+---------+-------
      Total |   84909 |   54004 |  38.9 |     517 |     236 |  31.3
            +---------+---------+-------+---------+---------+-------
        D:1 |      39 |       5 |  11.4 |      24 |       3 |  11.1
        D:2 |     144 |      22 |  13.3 |      21 |       8 |  27.6
        D:3 |      56 |       0 |   0.0 |      17 |       0 |   0.0
        D:4 |     368 |       0 |   0.0 |      16 |       0 |   0.0
        D:5 |     417 |     313 |  42.9 |      15 |       3 |  16.7
        D:6 |     279 |     169 |  37.7 |       8 |       1 |  11.1
        D:7 |    2065 |       3 |   0.1 |      20 |       2 |   9.1
        D:8 |    3652 |    3547 |  49.3 |      27 |       7 |  20.6
        D:9 |    2540 |    3135 |  55.2 |      26 |      15 |  36.6
       D:10 |    3182 |       0 |   0.0 |      29 |       0 |   0.0
       D:11 |    3393 |    4021 |  54.2 |      24 |      11 |  31.4
       D:12 |    5788 |    1799 |  23.7 |      35 |       6 |  14.6
       D:13 |   10425 |       0 |   0.0 |      48 |       0 |   0.0
       D:14 |    4803 |    3664 |  43.3 |      19 |      10 |  34.5
       D:15 |    5458 |    9558 |  63.7 |      18 |      23 |  56.1
     Lair:1 |    3563 |       0 |   0.0 |      19 |       0 |   0.0
     Lair:2 |    4148 |     620 |  13.0 |      23 |       4 |  14.8
     Lair:3 |    6353 |    2536 |  28.5 |      25 |      28 |  52.8
     Lair:4 |    3908 |    4209 |  51.9 |      17 |      12 |  41.4
     Lair:5 |    5254 |       0 |   0.0 |      17 |       0 |   0.0
     Lair:6 |    4915 |   15534 |  76.0 |      22 |      80 |  78.4
    Snake:1 |    8450 |     313 |   3.6 |      18 |       2 |  10.0
    Snake:2 |    3005 |     439 |  12.7 |       8 |       2 |  20.0
      Orc:1 |    1470 |       3 |   0.2 |      11 |       3 |  21.4
      Orc:2 |    1234 |    4114 |  76.9 |      10 |      16 |  61.5
            +---------+---------+-------+---------+---------+-------
